 Dungeon Crawl Stone Soup version 0.17-a0-1430-g49fde19 (webtiles) character file.

3857 urechis the Grappler (level 9, -3/93 HPs)
             Began as a Troll Monk on June 25, 2015.
             Slain by a trapdoor spider (15 damage)
             ... on level 9 of the Dungeon.
             The game lasted 00:17:33 (6671 turns).

urechis the Grappler (Troll Monk)                   Turns: 6671, Time: 00:17:34

Health: -3/93      AC:  6    Str: 21    XL:     9   Next: 99%
Magic:  11/11      EV: 12    Int:  6    God:
Gold:   450        SH:  0    Dex: 13    Spells: 0 memorised, 8 levels left

rFire  + . .     SeeInvis +       - Unarmed
rCold  + . .     Clarity  .     M - +1 robe {rC+ rF+}
rNeg   . . .     SustAt   .     (no shield)
rPois  .         Gourm    +     (helmet restricted)
rElec  .         Spirit   .     (no cloak)
rCorr  .         Warding  .     (gloves unavailable)
rMut   .         Stasis   .     (boots unavailable)
MR     +....                    (no amulet)
Stlth  +.........               n - ring of see invisible
                                y - ring of protection from magic

@: somewhat resistant to hostile enchantments, very unstealthy
A: unfitting armour, claws 3, clumsy 1, fast metabolism 3, gourmand,
regeneration 2, shaggy fur 1, tough skin 2
a: no special abilities


You were on level 9 of the Dungeon.
You were completely stuffed.

You visited 2 branches of the dungeon, and saw 10 of its levels.
You also visited: Sewer.

You collected 550 gold pieces.
You spent 100 gold pieces at shops.

Inventory:

Armour
 M - a +1 robe of resistance (worn)
Jewellery
 n - a ring of see invisible (right claw)
 y - a ring of protection from magic (left claw)
 G - an uncursed ring of flight
Magical devices
 t - a wand of enslavement (11)
 u - a wand of lightning (4)
 A - a wand of digging (5)
Scrolls
 e - 4 scrolls of remove curse
 h - a scroll of summoning {unknown}
 j - 2 scrolls of blinking
 o - 3 scrolls of teleportation
 p - 3 scrolls of fog
 w - a scroll of vulnerability {unknown}
 z - 2 scrolls of enchant armour {unknown}
 D - 2 scrolls of recharging {unknown}
 E - 4 scrolls of magic mapping
 F - a scroll of fear {unknown}
Potions
 c - 3 potions of might
 d - 2 potions of brilliance {unknown}
 g - 2 potions of cancellation {unknown}
 l - a potion of mutation {unknown}
 m - 2 potions of magic {unknown}
 q - 5 potions of curing
 r - 3 potions of lignification {unknown}
 s - 3 potions of flight {unknown}
 x - 2 potions of poison {unknown}
 B - 3 potions of haste {unknown}
 H - a potion of berserk rage {unknown}
 I - a potion of ambrosia {unknown}
 L - a potion of agility {unknown}
Comestibles
 a - a chunk of flesh
 b - 4 bread rations
 f - 5 beef jerkies
 k - 2 slices of pizza
 v - 3 meat rations
 C - 2 fruits
 J - a royal jelly


   Skills:
 * Level 7.0 Fighting
 + Level 5.2 Dodging
 - Level 1.1 Stealth
 - Level 10.0 Unarmed Combat
 + Level 4.2 Evocations


You had 8 spell levels left.
You didn't know any spells.

Dungeon Overview and Level Annotations

Branches:
Dungeon (9/15)             Temple (1/1) D:7
   Lair: D:8-11         Orc: D:9-12

Altars:
Ashenzari
Cheibriados
Dithmenos
Elyvilon
Fedhas
Gozag
Kikubaaqudgha
Makhleb
Nemelex Xobeh
Okawaru
Qazlal
Ru
Sif Muna
Trog
Vehumet
Xom
Yredelemnul
Zin
The Shining One

Shops:
D:5 [   D:8 [%*:


Innate Abilities, Weirdness & Mutations

You are too large for most types of armour.
You have claws for hands.
Your metabolism is lightning-fast.
You like to eat raw meat.
You heal very quickly.
You are covered in fur (AC +1).
You have very tough skin (AC +2).
You are clumsy. (Dex -2)


Message History

The trapdoor spider closely misses you.
Drink which item? (? for menu, Esc to quit)
You feel better. The trapdoor spider bites you!
* * * LOW HITPOINT WARNING * * *
You are poisoned.
The trapdoor spider poisons you!
Drink which item? (? for menu, Esc to quit)
You feel much better.
You feel sick. The trapdoor spider bites you. The trapdoor spider bites you!
* * * LOW HITPOINT WARNING * * *
You claw the trapdoor spider!
The trapdoor spider is moderately wounded.
You feel sick. The trapdoor spider barely misses you.
Drink which item? (? for menu, Esc to quit)
You feel better. The trapdoor spider bites you!!
* * * LOW HITPOINT WARNING * * *
You scratch the trapdoor spider.
The trapdoor spider is heavily wounded.
The trapdoor spider bites you!
You die...

.#.#......#
..........## #.........
.≈≈≈ #..?.....##......
#........+.......
#........#.....#.#.####
#....s...#.....+.......
#...##@###.....# #.####
#..............# #.# #
#..####........#.#.# #
.. ####..........#.# #
.........#######.# #
.................####
..........#####.......
..#+####### #....... .
#..≈....


You could see a trapdoor spider.

Vanquished Creatures
  A deep elf mage (D:9)
  A wyvern (D:8)
  2 hippogriffs
  2 ice beasts (D:7)
  2 ogres
  2 phantoms
  2 sky beasts
  A necrophage (D:8)
  3 centaurs
  9 giant frogs
  A wyvern zombie (D:6)
  4 scorpions
  4 wights (D:7)
  7 killer bees
  A giant frog zombie (D:6)
  4 hounds
  3 crimson imps
  3 jellies
  An orc wizard (D:6)
  2 centaur skeletons
  A centaur zombie (D:5)
  4 worker ants
  A hound zombie (D:5)
  A hound skeleton (D:6)
  5 river rats (Sewer)
  17 adders
  An ooze (Sewer)
  2 shadow imps
  An adder skeleton (D:5)
  3 worms
  5 giant geckos
  6 orcs
  2 bat zombies
  6 giant cockroaches
  11 goblins
  6 hobgoblins
  2 jackals (D:3)
  12 kobolds
  3 quokkas
  14 ball pythons
  17 bats
  6 giant newts
  41 rats
222 creatures vanquished.

Vanquished Creatures (others)
  An adder (D:5)
1 creature vanquished.

Grand Total: 223 creatures vanquished

Notes
Turn   | Place    | Note
--------------------------------------------------------------
     0 | D:1      | urechis the Troll Monk began the quest for the Orb.
     0 | D:1      | Reached XP level 1. HP: 22/22 MP: 0/0
    94 | D:1      | Reached XP level 2. HP: 29/29 MP: 1/1
   439 | D:1      | Reached skill level 5 in Unarmed Combat
   470 | D:1      | Reached XP level 3. HP: 34/36 MP: 2/2
  1625 | D:3      | Noticed a phantom
  1650 | D:3      | Killed a phantom
  1650 | D:3      | Reached skill level 6 in Unarmed Combat
  1650 | D:3      | Reached XP level 4. HP: 24/44 MP: 3/3
  1650 | D:3      | Reached XP level 5. HP: 27/50 MP: 4/4
  1932 | D:3      | Noticed a giant frog
  1938 | D:3      | Killed a giant frog
  1938 | D:3      | Reached skill level 7 in Unarmed Combat
  2239 | D:4      | Noticed a sky beast
  2256 | D:4      | Killed a sky beast
  2256 | D:4      | Reached XP level 6. HP: 18/59 MP: 5/5
  2260 | D:4      | Gained mutation: You are clumsy. (Dex -2) [mutagenic meat]
  2330 | D:4      | Reached skill level 8 in Unarmed Combat
  2577 | D:4      | Found a stormy altar of Qazlal.
  2883 | D:5      | Entered Level 5 of the Dungeon
  2940 | D:5      | Reached XP level 7. HP: 66/66 MP: 6/6
  2952 | D:5      | Found a white marble altar of Elyvilon.
  3006 | D:5      | Reached skill level 9 in Unarmed Combat
  3243 | D:5      | Found Cuyfisae's Armour Boutique.
  3409 | D:6      | Reached skill level 10 in Unarmed Combat
  3480 | D:6      | Found a glowing drain.
  3485 | D:6      | Reached XP level 8. HP: 74/74 MP: 7/7
  3509 | Sewer    | Entered a sewer
  3745 | Sewer    | Reached skill level 1 in Evocations
  3943 | D:6      | Found a shadowy altar of Dithmenos.
  4133 | D:6      | Found a basalt altar of Yredelemnul.
  4147 | D:6      | Found a burning altar of Makhleb.
  4147 | D:6      | Found a glowing golden altar of the Shining One.
  4746 | D:7      | Reached skill level 5 in Fighting
  4746 | D:7      | Reached XP level 9. HP: 68/88 MP: 9/9
  4831 | D:7      | Found a staircase to the Ecumenical Temple.
  4843 | D:7      | Found a deep blue altar of Sif Muna.
  5091 | Temple   | Entered the Ecumenical Temple
  5520 | D:8      | Found Zual's Assorted Antiques.
  5586 | D:8      | Bought a shiny wooden ring for 100 gold pieces
  5615 | D:8      | Found Zerghisme's Book Shop.
  5617 | D:8      | Found Geceew's Food Boutique.
  5629 | D:8      | Found an iron altar of Okawaru.
  5879 | D:8      | Found Qiefoec's Armour Emporium.
  6432 | D:9      | Reached skill level 5 in Dodging
  6671 | D:9      | Slain by a trapdoor spider

Vault maps used:
D:1:      dpeg_arrival_water_temple_mockup
D:2:      first_bread
D:4:      overflow_temple_1_default, minivault_19
D:5:      serial_shops, shop, elyvilon_altar_4
D:6:      grunt_temple_overflow_open, gup_sewer_entry_glass,
          nicolae_dithmenos_the_darkroom
D:7:      minmay_temple_entry_junction2, basic_altar
D:8:      okawaru_ov_weapons_minmay, serial_shops, shop, kennysheep_mini_moat,
          shop, nicolae_shop_stone
D:9:      lemuel_blue_sif_altar
Temple:   circular_temple_12
Sewer:    sewer_minmay_w

Action                   |  1- 3 |  4- 6 |  7- 9 || total
-------------------------+-------+-------+-------++-------
Melee: Unarmed           |    90 |   103 |   409 ||   602
Evoke: Wand              |       |       |     1 ||     1
  Use: Scroll            |       |       |    11 ||    11
       Potion            |       |       |     7 ||     7
 Stab: Sleeping          |     3 |     1 |     5 ||     9
  Eat: Chunk             |    13 |    19 |    34 ||    66
       Fruit             |       |       |     2 ||     2
